 Dungeon Crawl Stone Soup version 0.24.0-37-gcf1ca852f1 (webtiles) character file.

Game seed: 371672113656764317, levelgen mode: deterministic

13551 Amplified the Fighter (level 12, -3/100 HPs)
             Began as a Human Berserker on Dec 3, 2019.
             Was an Elder of Trog.
             Shot with an arrow by Nessos (10 damage)
             ... on level 13 of the Dungeon.
             The game lasted 00:13:12 (9457 turns).

Amplified the Fighter (Human Berserker)             Turns: 9457, Time: 00:13:12

Health: -3/100     AC: 17    Str: 21    XL:     12   Next: 34%
Magic:  12/12      EV: 12    Int: 11    God:    Trog [****..]
Gold:   473        SH:  0    Dex: 14    Spells: 11/11 levels left

rFire    . . .     SeeInvis .   b - +9 halberd of Resumed Hostilities {flame, rN+ Int+3 Stlth+}
rCold    . . .     Gourm    .   (shield currently unavailable)
rNeg     + + .     Faith    .   B - +1 chain mail {rN+}
rPois    .         Spirit   .   k - +1 helmet
rElec    .         Reflect  .   i - +2 cloak
rCorr    .         Harm     .   (no gloves)
MR       ++...                  (no boots)
Stlth    ..........             (no amulet)
HPRegen  1.26/turn              (no ring)
MPRegen  0.13/turn              (no ring)

@: about to teleport, regenerating
A: no striking features
a: Berserk, Trog's Hand, Brothers in Arms, Renounce Religion


You were on level 13 of the Dungeon.
You worshipped Trog.
Trog was greatly pleased with you.
You were hungry.

You visited 1 branch of the dungeon, and saw 13 of its levels.
You also visited: Bailey.

You collected 879 gold pieces.
You spent 406 gold pieces at shops.

Inventory:

Hand Weapons
 a - a +1 hand axe
 b - the +9 halberd of Resumed Hostilities (weapon) {flame, rN+ Int+3 Stlth+}
   (You found it on level 12 of the Dungeon)

   It has been specially enchanted to burn those struck by it, causing extra
   injury to most foes and up to half again as much damage against particularly
   susceptible opponents.
   Big, fiery blades are also staple armaments of hydra-hunters.
   It affects your intelligence (+3).
   It protects you from negative energy.
   It makes you more stealthy.
 c - the +8 halberd "Impslayer" {flame, rElec rN+ MR+ Int-2}
   (You found it on level 12 of the Dungeon)

   It has been specially enchanted to burn those struck by it, causing extra
   injury to most foes and up to half again as much damage against particularly
   susceptible opponents.
   Big, fiery blades are also staple armaments of hydra-hunters.
   It affects your intelligence (-2).
   It insulates you from electricity.
   It protects you from negative energy.
   It affects your resistance to hostile enchantments.
 e - the +8 dagger "Killer Bee's Bane" {pierce, Dex+6}
   (You found it on level 4 of the Dungeon)

   It inflicts extra damage upon your enemies.
   It affects your dexterity (+6).
Missiles
 d - 60 poisoned darts (quivered)
 p - 4 throwing nets
Armour
 i - a +2 cloak (worn)
 k - a +1 helmet (worn)
 q - a +0 chain mail
 B - a +1 chain mail of positive energy (worn)
Jewellery
 f - an uncursed ring of ice
Wands
 r - a wand of polymorph (4)
 x - a wand of flame (94)
 y - a wand of random effects (41)
Scrolls
 g - 6 scrolls of remove curse
 j - a scroll of immolation
 o - a scroll of noise
Potions
 h - a potion of berserk rage
 l - 2 potions of flight
 m - 2 potions of brilliance
 C - 2 potions of resistance
 D - a potion of curing
Miscellaneous
 s - a lightning rod (4/4)
 t - a phial of floods
Comestibles
 n - 19 rations


   Skills:
 + Level 11.4 Fighting
 - Level 10.4(11.2) Axes
 * Level 6.7(9.5) Polearms
 - Level 7.3 Armour
 - Level 7.3 Dodging


You had 11 spell levels left.
You didn't know any spells.
Your spell library contained the following spells:

 Spells                   Type           Power        Failure   Level  Hunger
 Sandblast                Erth           #.....       95%         1    ##.....
 Passwall                 Tmut/Erth      #.......     99%         2    ###....
 Stone Arrow              Conj/Erth      #.....       100%        3    ####...
 Petrify                  Tmut/Erth      #.......     100%        4    #####..
 Lee's Rapid Deconstruct  Erth           #.........   100%        5    ######.


Dungeon Overview and Level Annotations

Branches:
Dungeon (13/15)            Temple (0/1) D:5             Orc (0/2) D:12
 Vaults (0/5) D:13         Bailey (visited)
   Lair: D:8-11

Altars:
Cheibriados
Elyvilon
Qazlal
Sif Muna
Trog
Zin

Shops:
D:6 (   D:8 !

Annotations:
D:13 Nessos


Message History

Nessos shoots an arrow.
The arrow hits you!
* * * LOW HITPOINT WARNING * * *
The arrow burns you.
You are poisoned.
* * * LOW HITPOINT WARNING * * *
Found a ration.
You see here an arrow.
As you read the scroll of teleportation, it crumbles to dust.
You feel strangely unstable.
You feel sick.
Nessos gestures wildly while chanting.
Nessos seems to speed up.
The vault guard hits you with a +0 battleaxe!
* * * LOW HITPOINT WARNING * * *
Nessos shoots an arrow.
The arrow completely misses you.
You feel better.
Nessos shoots an arrow.
The arrow misses you.
Unknown command.
You feel better.
Nessos shoots an arrow.
The arrow hits you!!
* * * LOW HITPOINT WARNING * * *
The arrow burns you!
You die...

#..:....#
##.########.#...#
..........
........h.p......
#........##
######.#####....
.........# #p# #....
.........# #.# #....
..!......# #p# #.... .
#.# #....
....##########h# #....
.......@ppp.u..#####....
.#####.#######..........
#c #.#####.>.. #. #.#
#.### #. #.# #.# #% #.#
#.# #. #.# #.# #. #.#
#.# #)# .#


You could see Nessos, 3 vault guards, a green ugly thing and a black bear.

Vanquished Creatures
  3 two-headed ogres
  2 skeletal warriors (D:13)
  An unseen horror (D:13)
  A deep elf mage (D:12)
  2 cyclopes
  A centaur zombie (D:10)
  A troll (D:13)
  2 hippogriffs
  9 yaks
  3 wyverns
  A wraith (D:7)
  A vampire (D:12)
  A human (D:9)
  2 hogs (D:9)
  2 wargs (D:12)
  Edmund (D:6)
  3 water moccasins
  4 orc warriors
  3 ice beasts
  2 sky beasts
  A black bear (D:10)
  A hornet zombie (D:10)
  4 ogres
  2 phantoms
  4 centaurs
  A big kobold (D:12)
  3 bullfrogs
  8 gnoll sergeants (Bailey)
  2 wyvern zombies
  6 killer bees (D:9)
  A wight (D:7)
  A crimson imp (D:5)
  6 gnoll shamans (Bailey)
  3 hounds
  10 orc priests
  3 centaur skeletons
  2 jellies
  8 worker ants
  2 iguanas
  6 orc wizards
  2 hound skeletons
  2 worker ant zombies (D:3)
  Robin (D:3)
  18 gnolls
  10 adders
  An ooze (D:3)
  An adder zombie (D:3)
  2 worms (D:2)
  2 dart slugs
  5 leopard geckos
  27 orcs
  A ball python (D:5)
  6 bats
  2 giant cockroaches
  15 goblins
  7 hobgoblins
  9 jackals
  16 kobolds
  3 quokkas
  3 frilled lizards
  A jackal skeleton (D:3)
  2 leopard gecko skeletons
  A quokka skeleton (D:3)
  5 rats
261 creatures vanquished.

Vanquished Creatures (others)
  3 fungi (D:11)
  3 plants (D:11)
6 creatures vanquished.

Grand Total: 267 creatures vanquished

Notes
Turn   | Place    | Note
-------+----------+-------------------------------------------
     0 | D:1      | Amplified the Human Berserker began the quest for the Orb.
     0 | D:1      | Reached XP level 1. HP: 18/18 MP: 1/1
   103 | D:1      | Reached XP level 2. HP: 21/24 MP: 2/2
  1140 | D:2      | Found a shimmering blue altar of Sif Muna.
  1158 | D:2      | Reached XP level 3. HP: 25/29 MP: 3/3
  1167 | D:2      | Found a bloodstained altar of Trog.
  1167 | D:2      | Found a white marble altar of Elyvilon.
  1172 | D:2      | Found a stormy altar of Qazlal.
  1174 | D:2      | Found a glowing silver altar of Zin.
  1176 | D:2      | Found a faded altar of an unknown god.
  1297 | D:2      | Found a snail-covered altar of Cheibriados.
  1961 | D:2      | Reached XP level 4. HP: 34/36 MP: 4/4
  2202 | D:2      | Reached XP level 5. HP: 17/42 MP: 5/5
  2434 | D:3      | Reached skill level 4 in Fighting
  2444 | D:3      | Reached ** piety under Trog
  2456 | D:3      | Noticed Robin
  2469 | D:3      | Killed Robin
  2612 | D:3      | Noticed a phantom
  2665 | D:3      | Killed a phantom
  2665 | D:3      | Reached XP level 6. HP: 18/49 MP: 6/6
  3666 | D:4      | Noticed a phantom
  3705 | D:4      | Got a slimy dagger
  3706 | D:4      | Identified the +8 dagger "Killer Bee's Bane" {pierce,
                  | Dex+6} (You found it on level 4 of the Dungeon)
  3709 | D:4      | Killed a phantom
  3709 | D:4      | Reached XP level 7. HP: 41/55 MP: 7/7
  3719 | D:4      | Reached skill level 5 in Fighting
  3719 | D:4      | Reached skill level 5 in Axes
  3944 | D:4      | Reached *** piety under Trog
  4172 | D:5      | Entered Level 5 of the Dungeon
  4172 | D:5      | Found a staircase to the Ecumenical Temple.
  4695 | D:6      | Reached XP level 8. HP: 63/64 MP: 8/8
  4990 | D:6      | Reached skill level 6 in Fighting
  5071 | D:6      | Found Main Naose's Antique Weapon Emporium.
  5134 | D:6      | Noticed Edmund
  5145 | D:6      | Killed Edmund
  5563 | D:7      | Reached XP level 9. HP: 71/71 MP: 9/9
  5628 | D:7      | Reached skill level 7 in Fighting
  5897 | D:8      | Reached skill level 5 in Dodging
  5984 | D:8      | Found Vako's Distillery.
  6000 | D:8      | Reached skill level 5 in Armour
  6015 | D:8      | Bought a potion of heal wounds for 70 gold pieces
  6015 | D:8      | Bought 2 potions of heal wounds for 140 gold pieces
  6015 | D:8      | Bought a potion of might for 56 gold pieces
  6015 | D:8      | Bought a potion of haste for 140 gold pieces
  6213 | D:8      | Noticed a hippogriff
  6224 | D:8      | Killed a hippogriff
  6224 | D:8      | Reached skill level 8 in Fighting
  6517 | D:9      | Reached XP level 10. HP: 80/80 MP: 10/10
  6525 | D:9      | Reached **** piety under Trog
  6964 | D:9      | Reached skill level 9 in Fighting
  7158 | D:9      | Noticed a two-headed ogre
  7175 | D:9      | Killed a two-headed ogre
  7340 | D:10     | Entered Level 10 of the Dungeon
  7340 | D:10     | Noticed a cyclops
  7351 | D:10     | Killed a cyclops
  7362 | D:10     | Reached XP level 11. HP: 69/90 MP: 11/11
  8209 | D:10     | Reached skill level 10 in Fighting
  8209 | D:10     | Reached skill level 10 in Axes
  8428 | D:11     | Noticed a cyclops
  8442 | D:11     | Killed a cyclops
  8446 | D:11     | Noticed a purple ugly thing
  8469 | D:12     | Noticed a two-headed ogre
  8473 | D:12     | Noticed a cyclops
  8508 | D:12     | Found a flagged portal.
  8514 | D:12     | Got a crude halberd
  8517 | D:12     | Got a warped halberd
  8533 | Bailey   | Entered a bailey
  8537 | Bailey   | Identified the +9 halberd of Resumed Hostilities {flame,
                  | rN+ Int+3 Stlth+} (You found it on level 12 of the Dungeon)
  8556 | Bailey   | Identified the +8 halberd "Impslayer" {flame, rElec rN+ MR+
                  | Int-2} (You found it on level 12 of the Dungeon)
  8762 | Bailey   | Reached skill level 1 in Polearms
  9069 | D:12     | Reached ***** piety under Trog
  9131 | D:12     | Noticed a two-headed ogre
  9157 | D:12     | Killed a two-headed ogre
  9159 | D:12     | Received a gift from Trog
  9160 | D:12     | Noticed a deep elf mage
  9169 | D:12     | Killed a deep elf mage
  9169 | D:12     | Reached XP level 12. HP: 64/99 MP: 12/12
  9245 | D:12     | Found a staircase to the Orcish Mines.
  9253 | D:12     | Reached skill level 11 in Fighting
  9274 | D:12     | Killed a two-headed ogre
  9274 | D:12     | Reached skill level 5 in Polearms
  9280 | D:13     | Noticed a skeletal warrior
  9280 | D:13     | Noticed a skeletal warrior
  9280 | D:13     | Noticed a skeletal warrior
  9280 | D:13     | Noticed a skeletal warrior
  9344 | D:13     | Killed a skeletal warrior
  9350 | D:13     | Killed a skeletal warrior
  9420 | D:13     | Found a gate to the Vaults.
  9420 | D:13     | Noticed a vault guard
  9420 | D:13     | Noticed a vault guard
  9420 | D:13     | Noticed a vault guard
  9420 | D:13     | Noticed a vault guard
  9442 | D:13     | Killed an unseen horror
  9454 | D:13     | Noticed Nessos
  9457 | D:13     | Shot with an arrow by Nessos

Levels and vault maps discovered:
D:1:      minmay_arrival_wavy_path, layout_basic, chequers_serial_rivers_small_a
D:2:      layout_loops_ring, nicolae_overflow_crystal_walls, led_sif_pool,
          chequers_temple_overflow_minitemple
D:3:      layout_loops_ring, serial_undead, serial_undead_d, serial_undead_f,
          serial_undead_c, serial_undead_c, uniq_robin
D:4:      layout_loops_ring, kennysheep_dice
D:5:      layout_rooms, temple_fountains, first_ration, st_stairs_7
D:6:      layout_basic, serial_shops, kennysheep_mini_moat, uniq_edmund
D:7:      minmay_chambers_of_sixes, layout_basic
D:8:      layout_rooms, serial_shops, nicolae_shop_crystal
D:9:      layout_roguey, grunt_livestock
D:10:     layout_layer_cave
D:11:     layout_basic, minmay_lair_entry_grove, serial_shops, shop_fountains
D:12:     layout_loops_ring, erik_orc_4, enter_bailey_2, kennysheep_path_1
D:13:     layout_small_grid, lightli_vaults_fourway_checkpoint, minivault_8,
          uniq_nessos

Skill      XL: |  1  2  3  4  5  6  7  8  9 10 11 12 |
---------------+-------------------------------------+-----
Fighting       | 4 5 6 8 9 10 11 | 11.4
Axes           | 4 5 6 8 9 10 | 10.4
Armour         | 3 4 5 6 7 |  7.3
Dodging        | 3 4 5 6 7 |  7.3
Polearms       | 4 6 |  6.7

Action                   |  1- 3 |  4- 6 |  7- 9 | 10-12 || total
-------------------------+-------+-------+-------+-------++-------
Melee: Hand axe          |   138 |   156 |       |       ||   294
       Whip              |       |    13 |       |       ||    13
       Dagger            |       |     3 |   252 |   275 ||   530
       Halberd           |       |       |       |   171 ||   171
Throw: Dart              |     4 |     1 |       |     3 ||     8
Invok: Berserk           |     3 |     2 |    10 |    10 ||    25
       Trog's Hand       |       |     1 |     2 |    10 ||    13
Evoke: Wand              |       |       |       |     1 ||     1
  Use: Scroll            |     7 |     3 |     8 |     8 ||    26
       Potion            |     1 |     7 |     3 |    14 ||    25
 Stab: Distracted        |       |     1 |       |       ||     1
  Eat: Ration            |     1 |     1 |     3 |     1 ||     6
       Chunk             |     3 |     6 |     6 |    21 ||    36
Armor: Animal skin       |    24 |    62 |       |       ||    86
       Skin              |       |     3 |       |       ||     3
       Chain mail        |       |     9 |   139 |   268 ||   416
Dodge: Dodged            |    86 |   124 |   123 |   318 ||   651
